 Dungeon Crawl Stone Soup version 0.17-a0-1504-gb7d9117 (webtiles) character file.

86018 urechis the Slayer (level 15, -10/187 HPs)
             Began as an Ogre Gladiator on July 9, 2015.
             Was the Champion of Ru.
             Killed by angry trees
             ... awakened by a spriggan druid
              (16 damage)
             ... on level 3 of the Swamp.
             The game lasted 01:34:19 (23570 turns).

urechis the Slayer (Ogre Gladiator)                Turns: 23570, Time: 01:34:19

Health: -10/187    AC: 12    Str: 34    XL:     15   Next: 85%
Magic:  15/15      EV:  7    Int:  7    God:    Ru [******]
Gold:   1942       SH:  0    Dex: 10    Spells: 0 memorised, 14 levels left

rFire  . . .     SeeInvis .     a - +6 giant spiked club
rCold  . . .     Clarity  .     Q - +0 troll leather armour
rNeg   . . .     SustAt   +     (no shield)
rPois  +         Gourm    .     z - +2 hat
rElec  .         Spirit   .     w - +2 cloak {rPois}
rCorr  .         Warding  .     (gloves unavailable)
rMut   +         Stasis   .     (boots unavailable)
MR     +....                    O - amulet of resist mutation
Stlth  ..........               R - ring of sustain attributes
                                D - +5 ring of strength

@: no potions, very slightly contaminated, slowed, very slow, somewhat resistant
to hostile enchantments, extremely unstealthy
A: unfitting armour, tough skin 1, inability to drink while threatened, no
stealth, inability to use devices, no ice magic, no translocations magic, no
transmutations magic, slow reflexes 1
a: Draw Out Power, Power Leap, Apocalypse, Renounce Religion


You were on level 3 of the Swamp.
You worshipped Ru.
Ru was exalted by your worship.
You were very hungry.

You visited 4 branches of the dungeon, and saw 24 of its levels.

You collected 1942 gold pieces.

Inventory:

Hand weapons
 a - a +6 giant spiked club (weapon)
 b - a +0 blowgun
Missiles
 e - 4 throwing nets
 g - 6 javelins of penetration
 i - 3 javelins (quivered)
 k - 97 poisoned needles
 y - 7 needles of sleeping
 I - 3 silver tomahawks
 J - 12 tomahawks
 P - 3 large rocks
Armour
 w - a +2 cloak of poison resistance (worn)
 z - a +2 hat (worn)
 Q - a +0 troll leather armour (worn)
Jewellery
 D - a +5 ring of strength (left hand)
 O - an amulet of resist mutation (around neck)
 R - a ring of sustain attributes (right hand)
Scrolls
 c - 4 scrolls of blinking
 m - 5 scrolls of magic mapping
 o - 6 scrolls of teleportation
 s - 12 scrolls of remove curse
 E - 4 scrolls of fear
 K - 2 scrolls of fog
Potions
 l - a potion of curing
 n - 6 potions of agility
 r - 3 potions of heal wounds
 t - 3 potions of flight
 v - a potion of brilliance {unknown}
 A - 7 potions of ambrosia
 B - 4 potions of haste
 C - 3 potions of might
 F - 7 potions of lignification
 G - a potion of cancellation {unknown}
 L - 2 potions of berserk rage
 M - a potion of beneficial mutation {unknown}
 N - a potion of poison {unknown}
 S - 2 potions of invisibility {unknown}
 T - a potion of experience {unknown}
Comestibles
 d - 14 bread rations
 f - 26 fruits
 h - 4 beef jerkies
 j - 9 meat rations
 q - 9 royal jellies
 V - 2 slices of pizza


   Skills:
 - Level 21.1 Fighting
 + Level 20.4 Maces & Flails
 - Level 5.0 Throwing
 - Level 10.4 Armour
 - Level 2.6 Dodging


You had 14 spell levels left.
You didn't know any spells.

Dungeon Overview and Level Annotations

Branches:
Dungeon (12/15)            Temple (1/1) D:7            Lair (8/8) D:10
  Swamp (3/4) Lair:4       Spider (0/4) Lair:5        Slime (0/6) Lair:8
    Orc (0/4) D:11

Altars:
Ashenzari
Cheibriados
Dithmenos
Elyvilon
Fedhas
Gozag
Kikubaaqudgha
Makhleb
Nemelex Xobeh
Okawaru
Qazlal
Ru
Sif Muna
Trog
Vehumet
Xom
Yredelemnul
Zin
The Shining One

Shops:
D:9 [


Innate Abilities, Weirdness & Mutations

You are too large for most types of armour.
You have tough skin (AC +1).
You cannot drink potions while threatened.
You cannot be stealthy.
You cannot study or use magical devices.
You cannot study or cast Ice magic.
You cannot study or cast Translocations magic.
You cannot study or cast Transmutations magic.
You have somewhat slow reflexes. (-3 EV)


Message History

You stick the giant leech like a pincushion!!!
The giant leech is almost dead.
You hear a shout!
The giant leech bites you!!
You feel threatened and lose the ability to drink potions!
* * * LOW HITPOINT WARNING * * *
The giant leech draws strength from your injuries!
You cannot drink potions in your current state!
You thump the giant leech!
You kill the giant leech!
You start resting.
A spriggan druid comes into view. It is wielding a quarterstaff.
The spriggan druid shouts!
The spriggan druid gestures wildly while chanting.
The forest starts to sway and rumble!
A root smacks you from below.
* * * LOW HITPOINT WARNING * * *
The trees move their gnarly branches around.
A root smacks you from below.
You die...

♣♣...♣♣.... ♣i≈.♣♣ ≈
♣♣..≈♣ .♣ ♣..≈≈♣ ..♣
♣♣.≈≈♣♣ ...♣ ♣♣†.≈.♣
.♣≈≈. ♣.≈≈≈.♣ .≈≈≈.♣
♣♣♣♣♣♣♣.♣≈.♣
.≈....♣♣♣.♣..≈@.≈♣.♣
.≈≈≈≈..♣.≈.≈.≈♣≈≈≈.♣
♣.§..<≈≈.≈.≈≈.≈≈.♣
♣♣.≈§≈≈≈...≈≈.≈≈≈♣
♣..≈≈≈.≈≈≈§≈...≈♣
♣♣..≈§≈♣≈≈≈≈§.≈.♣
♣♣≈≈≈≈≈≈≈≈≈≈.≈.♣
♣≈≈......≈≈.♣.♣
♣≈..♣♣♣♣≈≈..≈


You could see a spriggan druid.

Vanquished Creatures
  Nikola (Swamp:2)
  Jorgrun (Swamp:2)
  Rupert (Lair:3)
  Snorg (D:10)
  Fannar (Lair:3)
  6 hydras
  8 alligators
  3 catoblepae (Lair:8)
  2 tengu warriors (D:10)
  14 death yaks
  3 spriggans (Swamp:2)
  3 unseen horrors
  Pikel (D:7)
  5 oklob plants
  2 shambling mangroves (Swamp:2)
  A wizard (D:10)
  A manticore (D:12)
  3 hill giants
  3 griffons
  2 ugly things
  10 elephants
  A black mamba (Lair:8)
  A torpor snail (Lair:7)
  10 komodo dragons
  15 spiny frogs
  2 fire drakes (Lair:8)
  2 kobold demonologists (D:12)
  6 giant leeches
  16 blink frogs
  A polar bear (Lair:8)
  A queen bee (Lair:3)
  Prince Ribbit (D:8)
  2 trolls
  5 bog bodies
  8 slime creatures
  A two-headed ogre (D:9)
  A trapdoor spider zombie (D:9)
  A boulder beetle (Lair:7)
  Sigmund (D:6)
  A trapdoor spider (D:12)
  39 yaks
  3 shadows
  A basilisk (Lair:7)
  3 hungry ghosts
  8 hippogriffs
  2 vampire mosquitoes (Swamp:3)
  23 wolves
  5 insubstantial wisps (Swamp:1)
  17 water moccasins
  A sky beast (D:7)
  19 swamp worms
  Duvessa (D:6)
  5 swamp drakes
  4 orc warriors
  14 porcupines
  A black bear (D:8)
  2 phantoms
  A slave (D:7)
  6 spiders (Lair:5)
  2 necrophages (D:10)
  8 wasps (Swamp:2)
  4 ogres
  3 ice beasts
  2 centaurs (D:10)
  3 big kobolds
  21 crocodiles
  The ghost of WellDressedCM the Ducker, an average FeBe of Nemelex Xobeh (D:4)
  10 giant frogs
  A wyvern skeleton (D:6)
  Dowan (D:6)
  3 scorpions
  15 killer bees
  4 wights (D:11)
  An electric eel (Lair:6)
  A hound (D:12)
  4 crimson imps
  A wasp zombie (D:9)
  A centaur zombie (D:6)
  3 giant frog skeletons
  3 orc wizards
  2 giant frog zombies
  Crazy Yiuf (D:4)
  A centaur skeleton (D:10)
  2 orc priests
  4 jellies
  Jessica (D:6)
  Terence (D:2)
  6 worker ants
  15 iguanas
  24 sheep
  3 hound zombies
  A worker ant zombie (D:11)
  67 river rats
  12 adders
  7 gnolls
  2 shadow imps (D:10)
  2 oozes (D:3)
  An adder skeleton (D:4)
  12 worms
  12 giant geckos
  43 orcs
  A bat skeleton (D:5)
  12 goblins
  14 hobgoblins
  8 jackals
  29 kobolds
  3 quokkas
  2 ball pythons
  21 bats
  6 giant cockroaches
  A giant gecko skeleton (D:4)
  2 giant newts
  2 quokka skeletons
  A quokka zombie (D:7)
  16 rats
  3 fungi
735 creatures vanquished.

Vanquished Creatures (others)
  A spiny frog (Swamp:2)
  A yak (Lair:3)
  An orc wizard (D:7)
  15 fungi
  13 plants
  4 toadstools (D:1)
35 creatures vanquished.

Grand Total: 770 creatures vanquished

Notes
Turn   | Place    | Note
--------------------------------------------------------------
     0 | D:1      | urechis the Ogre Gladiator began the quest for the Orb.
     0 | D:1      | Reached XP level 1. HP: 22/22 MP: 1/1
   121 | D:1      | Reached XP level 2. HP: 29/29 MP: 2/2
   384 | D:1      | Reached skill level 5 in Maces & Flails
   429 | D:1      | Reached XP level 3. HP: 23/37 MP: 3/3
   994 | D:2      | Found a glowing silver altar of Zin.
   995 | D:2      | Noticed an angel
   995 | D:2      | Found a shimmering altar of Xom.
  1019 | D:2      | Noticed Terence
  1026 | D:2      | Killed Terence
  1026 | D:2      | Reached skill level 6 in Maces & Flails
  1026 | D:2      | Reached XP level 4. HP: 35/48 MP: 4/4
  1529 | D:3      | Reached XP level 5. HP: 33/54 MP: 5/5
  1777 | D:4      | HP: 1/55 [gnoll/whip of holy wrath (9)]
  2120 | D:4      | Reached skill level 7 in Maces & Flails
  2131 | D:4      | Reached XP level 6. HP: 9/65 MP: 6/6
  2327 | D:4      | Noticed a phantom
  2357 | D:4      | Killed a phantom
  2357 | D:4      | Reached skill level 5 in Fighting
  2357 | D:4      | Reached skill level 8 in Maces & Flails
  3125 | D:4      | Noticed WellDressedCM's ghost (average FeBe)
  3147 | D:4      | Killed WellDressedCM's ghost
  3147 | D:4      | Reached XP level 7. HP: 22/74 MP: 7/7
  3567 | D:4      | Noticed Crazy Yiuf
  3579 | D:4      | Killed Crazy Yiuf
  4015 | D:3      | Reached skill level 9 in Maces & Flails
  4274 | D:5      | Entered Level 5 of the Dungeon
  4858 | D:5      | Reached skill level 10 in Maces & Flails
  4971 | D:6      | Noticed Sigmund
  4980 | D:6      | Killed Sigmund
  4980 | D:6      | Reached XP level 8. HP: 81/84 MP: 8/8
  5047 | D:6      | Noticed Jessica
  5054 | D:6      | Killed Jessica
  5060 | D:6      | Found a deep blue altar of Sif Muna.
  5254 | D:6      | Found a bloodstained altar of Trog.
  5412 | D:6      | Noticed Dowan
  5415 | D:6      | Noticed Duvessa
  5419 | D:6      | Killed Dowan
  5424 | D:6      | Killed Duvessa
  5591 | D:6      | Reached skill level 5 in Throwing
  5610 | D:6      | Found a sparkling altar of Nemelex Xobeh.
  6079 | D:7      | Found a burning altar of Makhleb.
  6236 | D:7      | Reached skill level 11 in Maces & Flails
  6344 | D:7      | Got a twisted whip
  6345 | D:7      | Identified the +7 whip of the Depths {pain, rElec rC- MR++ MP+9} (You found it on level 7 of the Dungeon)
  6353 | D:7      | Found a staircase to the Ecumenical Temple.
  6358 | D:7      | Noticed Pikel
  6401 | D:7      | Killed Pikel
  6401 | D:7      | Reached skill level 12 in Maces & Flails
  6401 | D:7      | Reached XP level 9. HP: 37/98 MP: 9/9
  6451 | D:7      | Found a shattered altar of Ashenzari.
  6478 | Temple   | Entered the Ecumenical Temple
  6600 | Temple   | Became a worshipper of Ru the Awakened
  7287 | D:8      | Noticed Prince Ribbit
  7335 | D:8      | Reached skill level 13 in Maces & Flails
  7354 | D:8      | Killed Prince Ribbit
  7465 | D:8      | Reached skill level 10 in Fighting
  7557 | D:8      | Got a steaming whip
  7558 | D:8      | Identified the cursed +1 whip "Kaunges" {flame, *Corrode +Fly rN+} (You found it on level 8 of the Dungeon)
  7772 | D:8      | Gained mutation: You cannot be stealthy. [Ru sacrifice]
  8105 | D:9      | Found a shadowy altar of Dithmenos.
  8122 | D:9      | Reached XP level 10. HP: 41/111 MP: 10/10
  8142 | D:9      | Found an iron altar of Okawaru.
  8184 | D:9      | Reached skill level 14 in Maces & Flails
  8205 | D:9      | Found an opulent altar of Gozag.
  8208 | D:9      | Found a deep blue altar of Sif Muna.
  8673 | D:9      | Found a shattered altar of Ashenzari.
  8673 | D:9      | Found a stormy altar of Qazlal.
  8810 | D:9      | Found a glowing silver altar of Zin.
  8816 | D:9      | Found Niemusky's Antique Armour Shop.
  9099 | D:10     | Entered Level 10 of the Dungeon
  9099 | D:10     | Noticed a hill giant
  9107 | D:10     | Killed a hill giant
  9156 | D:10     | Reached skill level 15 in Maces & Flails
  9178 | D:10     | Noticed a tengu warrior
  9189 | D:10     | Killed a tengu warrior
  9360 | D:10     | Noticed a tengu warrior
  9727 | D:10     | Killed an unseen horror
  9751 | D:10     | Noticed Snorg
  9757 | D:10     | Killed Snorg
  9757 | D:10     | Reached skill level 16 in Maces & Flails
  9757 | D:10     | Reached XP level 11. HP: 123/123 MP: 11/11
  9793 | D:10     | Noticed a wizard
  9797 | D:10     | Killed a wizard
  9800 | D:10     | Gained mutation: You cannot study or use magical devices. [Ru sacrifice]
  9800 | D:10     | Acquired Ru's first power
  9800 | D:10     | Acquired Ru's second power
  9800 | D:10     | Acquired Ru's third power
  9844 | D:10     | Noticed a hill giant
  9848 | D:10     | Killed a hill giant
  9988 | D:10     | Found a staircase to the Lair.
 10081 | D:10     | Killed a tengu warrior
 10261 | D:10     | Reached skill level 17 in Maces & Flails
 11038 | D:11     | Found a staircase to the Orcish Mines.
 11042 | D:11     | Killed an unseen horror
 11174 | D:12     | Noticed a hill giant
 11181 | D:12     | Killed a hill giant
 11275 | D:12     | Noticed an unseen horror
 11275 | D:12     | Killed an unseen horror
 11275 | D:12     | Reached skill level 18 in Maces & Flails
 11372 | D:12     | Reached XP level 12. HP: 135/135 MP: 12/12
 12039 | Lair:1   | Entered Level 1 of the Lair of Beasts
 12242 | Lair:1   | Reached skill level 19 in Maces & Flails
 12555 | Lair:1   | Noticed a seven-headed hydra
 12564 | Lair:1   | Killed a seven-headed hydra
 13127 | Lair:1   | Gained mutation: You cannot drink potions while threatened. [Ru sacrifice]
 13127 | Lair:1   | Acquired Ru's fourth power
 13127 | Lair:1   | Acquired Ru's fifth power
 13235 | Lair:2   | Noticed a five-headed hydra
 13242 | Lair:2   | Killed a five-headed hydra
 13307 | Lair:2   | Identified a scroll of acquirement
 13308 | Lair:2   | Got a smoking shield
 13315 | Lair:2   | Identified the +5 shield of Gimnuf {rC++ MR++ Dex-5} (You acquired it on level 2 of the Lair of Beasts)
 13493 | Lair:2   | Reached skill level 20 in Maces & Flails
 13625 | Lair:2   | Reached skill level 15 in Fighting
 14012 | Lair:2   | Noticed an eight-headed hydra
 14026 | Lair:2   | Killed an eight-headed hydra
 14026 | Lair:2   | Reached XP level 13. HP: 72/150 MP: 13/13
 14277 | Lair:2   | Noticed an eight-headed hydra
 14284 | Lair:2   | Killed an eight-headed hydra
 14338 | Lair:3   | Noticed Fannar
 14352 | Lair:3   | Killed Fannar
 14352 | Lair:3   | Reached skill level 1 in Armour
 14634 | Lair:3   | Noticed Rupert
 14652 | Lair:3   | Killed Rupert
 15052 | Lair:3   | Gained mutation: You cannot study or cast Ice magic. [Ru sacrifice]
 15052 | Lair:3   | Gained mutation: You cannot study or cast Transmutations magic. [Ru sacrifice]
 15052 | Lair:3   | Gained mutation: You cannot study or cast Translocations magic. [Ru sacrifice]
 16212 | Lair:4   | Found a staircase to the Swamp.
 16220 | Lair:4   | Reached skill level 5 in Armour
 16694 | Lair:5   | Gained mutation: You have somewhat slow reflexes. (-3 EV) [Ru sacrifice]
 16750 | Lair:5   | Found a hole to the Spider Nest.
 16830 | Lair:5   | Found a white marble altar of Elyvilon.
 17619 | Lair:6   | Reached XP level 14. HP: 157/167 MP: 14/14
 19008 | Lair:8   | Entered Level 8 of the Lair of Beasts
 19173 | Lair:8   | Got a slimy bardiche
 19174 | Lair:8   | Identified the cursed +1 bardiche of Watchfulness {distort, MP+9 Int+3} (You found it on level 8 of the Lair of Beasts)
 20597 | Lair:8   | Reached XP level 15. HP: 114/183 MP: 15/15
 21107 | Lair:8   | Found a staircase to the Slime Pits.
 21724 | Swamp:1  | Entered Level 1 of the Swamp
 22514 | Swamp:2  | Noticed Jorgrun
 22528 | Swamp:2  | Killed Jorgrun
 22528 | Swamp:2  | Reached skill level 10 in Armour
 22756 | Swamp:2  | Noticed Nikola
 22776 | Swamp:2  | Killed Nikola
 22970 | Swamp:2  | Reached skill level 21 in Fighting
 23570 | Swamp:3  | HP: 6/187 [spriggan druid/angry trees (16)]
 23570 | Swamp:3  | Killed from afar by a spriggan druid

Vault maps used:
D:1:      ldierk_walled_garden_2, serial_forest, infiniplex_forest_zigzag_1,
          infiniplex_forest_lined_3, infiniplex_forest_straight_4,
          infiniplex_forest_straight_5, infiniplex_forest_zigzag_1,
          infiniplex_forest_lined_2
D:2:      grunt_temple_overflow_order_and_chaos_1, roderic_filled_cross,
          uniq_terence
D:3:      serial_glass, glass_columns_a, glass_columns_c
D:4:      first_bread, uniq_crazy_yiuf_cottage
D:5:      lemuel_ice_spiral_2
D:6:      lemuel_round_altar, nicolae_overflow_crystal_walls, tgw_sif,
          uniq_sigmund, uniq_duvessa
D:7:      overflow_temple_1_default, minmay_temple_entry_purple_smoke,
          evilmike_ruin_ashenzari, uniq_pikel
D:8:      uniq_prince_ribbit1
D:9:      grunt_temple_overflow_cloverleaf, gammafunk_temple_overflow_pools,
          basic_altar, serial_shops, shop, serial_aquarium,
          aquarium_bridge_square, aquarium_window_1, aquarium_window_2,
          aquarium_view_2e, aquarium_pool_2
D:10:     wad_arrow_thing, erik_lair_dragon, grunt_tengu_nest, uniq_snorg
D:11:     hiddenorc1_lemuel
Temple:   jpeg_temple_alley_garden_8
Lair:1:   beast_lair_carwin_large_2, st_stairs_4, worms_lemuel,
          bh_autumn_forest_stairs
Lair:2:   beast_lair_carwin_5
Lair:3:   special_room, uniq_fannar, uniq_rupert
Lair:4:   minmay_swamp_entry_worms
Lair:5:   nicolae_spider_entry_tight_spaces, basic_altar,
          infiniplex_staircase_pool_2
Lair:6:   serial_bayou_lagoon_b
Lair:8:   evilmike_catoblepas_cave, minmay_slime_entry_oklob_enclosed,
          lemuel_fruit_fields
Swamp:1:  evilmike_swamp_ruin_house_5
Swamp:2:  evilmike_swamp_ruin_house_6, uniq_jorgrun, uniq_nikola
Swamp:3:  hangedman_swamp_ruin_hall, swamp_pool1, infiniplex_staircase_pool,
          uniq_mara

Action                   |  1- 3 |  4- 6 |  7- 9 | 10-12 | 13-15 || total
-------------------------+-------+-------+-------+-------+-------++-------
Melee: Flail             |   110 |    78 |       |       |       ||   188
       Whip              |       |   151 |   220 |    40 |       ||   411
       Hammer            |       |       |   121 |       |       ||   121
       Giant club        |       |       |    83 |    52 |       ||   135
       Giant spiked club |       |       |       |   345 |   815 ||  1160
       Demon whip        |       |       |       |    72 |       ||    72
       Great mace        |       |       |       |       |     7 ||     7
 Fire: Blowgun           |       |       |       |     2 |       ||     2
Throw: Javelin           |     2 |     4 |    11 |    40 |    19 ||    76
       Tomahawk          |       |       |       |     1 |    20 ||    21
       Large rock        |       |       |       |       |    12 ||    12
Invok: Sacrifice Stealth |       |       |     1 |       |       ||     1
       Sacrifice Artific |       |       |       |     1 |       ||     1
       Reject Sacrifices |       |       |       |     1 |       ||     1
       Sacrifice Drink   |       |       |       |     1 |       ||     1
       Sacrifice Health  |       |       |       |       |     1 ||     1
       Sacrifice Arcana  |       |       |       |       |     1 ||     1
       Draw Out Power    |       |       |       |       |     1 ||     1
  Use: Potion            |       |     7 |     2 |       |     2 ||    11
       Scroll            |       |       |     6 |    18 |    10 ||    34
 Stab: Sleeping          |       |       |     1 |       |       ||     1
       Invisible         |       |       |       |     4 |    12 ||    16
       Distracted        |       |       |       |     1 |     5 ||     6
       Paralysed         |       |       |       |     1 |    31 ||    32
       Fleeing           |       |       |       |       |     1 ||     1
       Petrifying        |       |       |       |       |     1 ||     1
       Petrified         |       |       |       |       |     1 ||     1
  Eat: Chunk             |       |     7 |    15 |    16 |    29 ||    67
       Pizza             |       |       |     1 |       |       ||     1
       Fruit             |       |       |     1 |     5 |     9 ||    15
       Beef jerky        |       |       |       |     1 |       ||     1
